 Dungeon Crawl Stone Soup version 0.28-a0-1616-g050a50673c (webtiles) character file.

Game seed: 4598888353219590257

168 enile the Grasshopper (level 5, -5/43 HPs)
             Began as a Barachi Warper on Jan 23, 2022.
             Was a Believer of Nemelex Xobeh.
             Killed from afar by an orc wizard (7 damage)
             ... with a magic dart
             ... on level 3 of the Dungeon.
             The game lasted 00:06:58 (4174 turns).

enile the Grasshopper (Barachi Warper)              Turns: 4174, Time: 00:07:01

Health: -5/43      AC:  3    Str: 12    XL:     5   Next: 49%
Magic:  9/9        EV: 12    Int: 14    God:    Nemelex Xobeh [**....]
Gold:   87         SH:  0    Dex: 13    Spells: 5/10 levels left

rFire   . . .      SeeInvis .   a - +0 falchion
rCold   . . .      Faith    .   (no shield)
rNeg    . . .      Spirit   .   b - +0 leather armour
rPois   .          Reflect  .   (no helmet)
rElec   .          Harm     .   (no cloak)
rCorr   .          Rampage  .   (no gloves)
Will    .....                   (no boots)
Stlth   +.........              (no amulet)
HPRegen 0.14/turn               (no ring)
MPRegen 0.11/turn               (no ring)

@: slow
A: amphibious, slowness 1, strong legs 1, +LOS
a: Hop, Renounce Religion, Draw Escape, Draw Destruction, Draw Summoning


You were on level 3 of the Dungeon.
You worshipped Nemelex Xobeh.
Nemelex Xobeh was pleased with you.
You visited 1 branch of the dungeon, and saw 4 of its levels.

You collected 87 gold pieces.

Inventory:

Hand Weapons
 a - a +0 falchion (weapon)
 k - a +0 dire flail
Missiles
 l - 6 atropa-tipped darts (quivered)
Armour
 b - a +0 leather armour (worn)
Jewellery
 h - a ring of fire
 j - a ring of positive energy
Scrolls
 c - a scroll of blinking
 d - 2 scrolls of identify {unknown}
 e - a scroll of amnesia {unknown}
 f - a scroll of vulnerability {unknown}
 g - a scroll of magic mapping {unknown}
 i - a scroll of fog {unknown}
 m - a scroll of teleportation {unknown}


   Skills:
 + Level 4.3 Fighting
 - Level 2.4 Long Blades
 - Level 1.0 Throwing
 - Level 2.0 Armour
 - Level 2.1 Dodging
 - Level 3.0 Spellcasting
 - Level 5.0 Translocations


You had 5 spell levels left.
You knew the following spells:

 Your Spells              Type           Power      Damage    Failure   Level
a - Blink                 Tloc           32%        N/A       5%          2
b - Teleport Other        Tloc           16%        N/A       11%         3

Your spell library contained the following spells:

 Spells                   Type           Power      Damage    Failure   Level
 Gell's Gravitas          Tloc           16%        N/A       11%         3
 Lesser Beckoning         Tloc           16%        N/A       11%         3
 Manifold Assault         Tloc           16%        N/A       67%         5


Dungeon Overview and Level Annotations

Branches:
Dungeon (4/15)
 Temple: D:4-7

Altars:
Nemelex Xobeh


Innate Abilities, Weirdness & Mutations

You are amphibious.
You cover ground slowly.
You can hop short distances.
You have an extended range of vision and can be seen from far away.


Message History

You hear some strange, mumbled words.
A puff of flame appears from out of thin air!
The puff of flame hits you.
You miss something. Something hits you but does no damage.
You miss something. Something hits you. x2
You closely miss something. Something hits you.
You closely miss something.
You hear some strange, mumbled words.
You are confused.
You're too confused to move!
Something hits you.
You closely miss something. Something hits you.
You're too confused to move!
You hear some strange, mumbled words.
A magic dart appears from out of thin air!
The magic dart hits you.
* * * LOW HITPOINT WARNING * * *
You completely miss something. Something hits you.
* * * LOW HITPOINT WARNING * * *
You closely miss something. Something hits you but does no damage.
Okay, then.
Something hits you.
* * * LOW HITPOINT WARNING * * *
You barely miss something.
You feel less confused. Something hits you.
* * * LOW HITPOINT WARNING * * *
You draw a card...
You have drawn Vitriol.
Press: ? - help, Shift-Dir - straight line The bolt of acid hits something!
The deck of cards glows with a rainbow of weird colours and disappears.
Something hits you.
* * * LOW HITPOINT WARNING * * *
You draw a card...
You have drawn the Elements.
The deck of cards glows slightly and disappears.
You hear some strange, mumbled words.
A magic dart appears from out of thin air!
The magic dart hits you!
You die...
Your body glows slightly and disappears.

................ #.# #...
........#...... #.# #...
........#.....####.####...
........+.....+.......'...
.......)#.....####.####...
........+.................
.[.....)##...#............
..>....){..h.+............
........#@v..#............
...######.................
. #.l...............
#.................
..................
.....##............
......# ............
...##.. ............ .. ..
.. ......


You could see a friendly raiju (summoned), a friendly basilisk (summoned) and a
friendly fire vortex (summoned).

Vanquished Creatures
  3 orc wizards
  3 adders (D:2)
  A dart slug (D:4)
  4 orcs
  5 ball pythons
  6 bats
  9 endoplasms
  7 goblins
  6 hobgoblins
  3 jackals (D:1)
  6 kobolds
  A quokka (D:2)
  2 frilled lizards
  3 rats
59 creatures vanquished.

Vanquished Creatures (others)
  An orc (D:3)
1 creature vanquished.

Grand Total: 60 creatures vanquished

Notes
Turn   | Place    | Note
-------+----------+-------------------------------------------
     0 | D:1      | enile the Barachi Warper began the quest for the Orb.
     0 | D:1      | Reached XP level 1. HP: 17/17 MP: 3/3
   300 | D:1      | Reached XP level 2. HP: 22/24 MP: 5/5
   303 | D:1      | Learned a level 2 spell: Blink
  1231 | D:1      | Reached XP level 3. HP: 30/30 MP: 6/6
  1256 | D:1      | Found a faded altar of an unknown god.
  1271 | D:1      | Prayed at the altar of an unknown god.
  1271 | D:1      | Became a worshipper of Nemelex Xobeh the Trickster
  1271 | D:1      | Reached * piety under Nemelex Xobeh
  1822 | D:1      | Received a gift from Nemelex Xobeh
  2442 | D:2      | Learned a level 3 spell: Teleport Other
  2517 | D:2      | Reached skill level 4 in Translocations
  2576 | D:2      | Reached XP level 4. HP: 13/37 MP: 7/7
  3290 | D:2      | Reached ** piety under Nemelex Xobeh
  3966 | D:3      | Reached XP level 5. HP: 24/42 MP: 9/9
  4148 | D:3      | Reached skill level 5 in Translocations
  4173 | D:3      | HP: 2/43 [something (2)]
  4174 | D:3      | Killed from afar by an orc wizard

Illustrated notes

Levels and vault maps discovered:
D:1:      nzn_arrival_settlement, layout_basic,
          shapermc_ecumenical_altar_flowoftime
D:2:      layout_loops_cross, serial_park_tiny_1, minmay_crystal_room
D:3:      layout_basic
D:4:      layout_loops_ring, beargit_hepliaklqana_dungeon_heroes,
          lemuel_round_altar, serial_shops, nicolae_shop_behind_doors, shop,
          kennysheep_mini_moat

Skill      XL: |  1  2  3  4  5 |
---------------+----------------+-----
Fighting       | 3 4 |  4.3
Armour         | 2 |  2.0
Translocations | 4 5 |  5.0
Spellcasting   | 3 |  3.0
Long Blades    | |  2.4
Throwing       | |  1.0
Dodging        | |  2.1

Action                   |  1- 3 |  4- 6 || total
-------------------------+-------+-------++-------
Melee: Falchion          |   165 |    77 ||   242
       Punch             |     2 |     1 ||     3
Throw: Boomerang         |     5 |       ||     5
       Dart              |       |     1 ||     1
       Throwing net      |       |     1 ||     1
 Cast: Teleport Other    |     2 |     1 ||     3
       Blink             |     2 |       ||     2
Invok: Draw Destruction  |     3 |     3 ||     6
       Draw Summoning    |       |     1 ||     1
 Abil: Hop               |     3 |       ||     3
  Use: Potion            |     2 |       ||     2
 Stab: Sleeping          |     1 |       ||     1
       Held in net/web   |       |     1 ||     1
Armor: Leather armour    |    45 |    16 ||    61
Dodge: Dodged            |   124 |    42 ||   166

Table legend: (Time is in decaauts)
 A = Elapsed time spent in this place.
 B = Non-inter-level travel time spent in this place.
 C = Inter-level travel time spent in this place.
 D = Time resting spent in this place.
 E = Time spent auto-exploring this place.
 F = Levels seen in this place.
 G = Mean time per level.
                   A        B        C        D        E       F      G
               +--------+--------+--------+--------+--------+-----+--------+
         Total |   4545 |   4474 |     71 |    501 |   3338 |   4 | 1136.2 |
       Dungeon |   4545 |   4474 |     71 |    501 |   3338 |   4 | 1136.2 |
               +--------+--------+--------+--------+--------+-----+--------+

Top non-repeatable levels by time:
     D:1: 2428 daAuts
     D:2: 1583 daAuts
     D:3: 308 daAuts
     D:4: 224 daAuts
